 Dungeon Crawl Stone Soup version 0.26-a0-597-gb535b0901c (webtiles) character file.

Game seed: 5593454829676243622

230 Ge0ff the Poker (level 5, -8/45 HPs)
             Began as a Draconian Abyssal Knight on Aug 26, 2020.
             Was a Believer of Lugonu.
             Mangled by hemabe71's ghost (12 damage)
             ... on level 3 of the Dungeon.
             The game lasted 00:04:15 (3805 turns).

Ge0ff the Poker (Draconian Abyssal Knight)          Turns: 3805, Time: 00:04:16

Health: -8/45      AC:  5    Str: 12 (14) XL:     5   Next: 72%
Magic:  6/6        EV: 12    Int: 12 (13) God:    Lugonu [**....]
Gold:   137        SH:  0    Dex:  8 (11) Spells: 4/4 levels left

rFire    . . .     SeeInvis .   a - +1 spear
rCold    . . .     Faith    .   (no shield)
rNeg     . . .     Spirit   .   (armour unavailable)
rPois    .         Reflect  .   (helmet restricted)
rElec    .         Harm     .   (no cloak)
rCorr    .                      (no gloves)
MR       +....                  (no boots)
Stlth    +.........             (no amulet)
HPRegen  0.15/turn              q - ring of flight
MPRegen  0.10/turn              p - ring of protection from magic

@: no status effects
A: unfitting armour, claws 1, stinger 1, talons 1, screaming 1, cold-blooded, AC
+5
a: Depart the Abyss, Bend Space, Renounce Religion, Evoke Flight


You were on level 3 of the Dungeon.
You worshipped Lugonu.
Lugonu was pleased with you.
You visited 1 branch of the dungeon, and saw 3 of its levels.
You visited the Abyss 1 time.

You collected 137 gold pieces.

Inventory:

Hand Weapons
 a - a +1 spear (weapon)
 o - a +0 hunting sling
Missiles
 b - a boomerang (quivered)
 h - 139 stones
Jewellery
 p - a ring of protection from magic (right claw)
 q - a ring of flight (left claw)
 w - a cursed amulet of inaccuracy {unknown}
Scrolls
 d - 3 scrolls of remove curse {unknown}
 i - 2 scrolls of identify
 j - a scroll of enchant weapon {unknown}
 n - a scroll of random uselessness {unknown}
 t - a scroll of enchant armour {unknown}
 x - a scroll of immolation {unknown}
Potions
 c - a potion of heal wounds {unknown}
 f - a potion of brilliance {unknown}
 k - 2 potions of mutation
 l - a potion of stabbing {unknown}
 m - a potion of resistance {unknown}
 r - a potion of lignification {unknown}
 s - a potion of curing {unknown}
 u - a potion of invisibility {unknown}
 v - a potion of degeneration
 M - 2 potions of might


   Skills:
 - Level 3.2 Fighting
 + Level 6.1 Polearms
 - Level 2.1 Dodging
 - Level 2.0 Invocations


You had 4 spell levels left.
You didn't know any spells.
Your spell library was empty.

Dungeon Overview and Level Annotations

Branches:
Dungeon (3/15)

Altars:
Dithmenos
Elyvilon
Ru

Annotations:
D:3 hemabe71's ghost, amateur HuAr


Innate Abilities, Weirdness & Mutations

Your plain brown scales are hard. (AC +5)
You cannot fit into any form of body armour.
You are cold-blooded and may be slowed by cold attacks.
You have sharp fingernails.
Your tail ends in a poisonous barb.
You have sharp toenails.
You occasionally shout uncontrollably at your foes.


Message History

Hemabe71's ghost is lightly damaged.
Hemabe71's ghost closely misses you.
You hit hemabe71's ghost.
Hemabe71's ghost is moderately damaged.
Hemabe71's ghost hits you.
You hit hemabe71's ghost but do no damage.
Hemabe71's ghost is moderately damaged.
Hemabe71's ghost hits you. Hemabe71's ghost hits you!
* * * LOW HITPOINT WARNING * * *
As you read the scroll labeled XOHYSUTIOG, it crumbles to dust.
It is a scroll of identify.
g - 2 potions of might;
M - 2 potions of might;
i - 2 scrolls of identify Hemabe71's ghost hits you.
* * * LOW HITPOINT WARNING * * *
It was a potion of degeneration.
There was something very wrong with that liquid.
You feel weakened.
You feel dopey.
You feel clumsy. Hemabe71's ghost hits you!
You die...

####.....##....# #.#
##.##...######## #.# ##'###.##
#.# .....#.# ######### #.#
.....#.# #.......# #.# .....#.#
#.......# #.# ####.#.# #.......#
#.# #.#.# #.......# ###)###### #
#.#.# #....@..# #......... #
#.#.#####...W...# #.#.######
####.#....##.......# #.#.#
...#.#....##....[..# ###.#.####
.....#....##.......# #...#....#
...###.............###.#...##.###
######.............##.§.##.##.†..
#♣.#.#........#'####§#[#.#.######
#8!'..........#.##.§§§§§§..#


You could see hemabe71's ghost.

Vanquished Creatures
  A worker ant (D:3)
  Natasha (thrice) (D:2)
  Robin (D:3)
  3 adders (D:3)
  An ooze (D:2)
  4 worms
  A dart slug (D:2)
  7 bats
  2 giant cockroaches
  9 hobgoblins
  4 jackals (D:1)
  A quokka (D:2)
  5 frilled lizards
  20 goblins
  6 kobolds
  2 rats
70 creatures vanquished.

Vanquished Creatures (others)
  24 plants (D:1)
24 creatures vanquished.

Grand Total: 94 creatures vanquished

Notes
Turn   | Place    | Note
-------+----------+-------------------------------------------
     0 | Abyss:1  | Ge0ff the Draconian Abyssal Knight began the quest for the
                  | Orb.
     0 | Abyss:1  | Reached XP level 1. HP: 19/19 MP: 2/2
    29 | Abyss:1  | Found a corrupted altar of Lugonu.
    53 | D:1      | Escaped the Abyss
   365 | D:1      | Reached XP level 2. HP: 26/26 MP: 3/3
   527 | D:1      | Reached skill level 3 in Polearms
  1182 | D:2      | Reached ** piety under Lugonu
  1211 | D:2      | Reached XP level 3. HP: 31/31 MP: 4/4
  1286 | D:2      | Noticed Natasha
  1295 | D:2      | Killed Natasha
  1295 | D:2      | Reached skill level 4 in Polearms
  1418 | D:2      | Noticed Robin
  1588 | D:3      | Reached XP level 4. HP: 27/38 MP: 5/5
  1592 | D:3      | Killed Robin
  1986 | D:2      | Noticed Natasha
  1995 | D:2      | Killed Natasha
  1995 | D:2      | Reached skill level 5 in Polearms
  2106 | D:2      | Noticed Natasha
  2112 | D:2      | Killed Natasha
  2112 | D:2      | Reached XP level 5. HP: 45/45 MP: 6/6
  2421 | D:2      | Found a white marble altar of Elyvilon.
  3111 | D:3      | Found a sacrificial altar of Ru.
  3352 | D:3      | Found a shadowy altar of Dithmenos.
  3385 | D:3      | Found a runed translucent door.
  3389 | D:3      | Noticed hemabe71's ghost (amateur HuAr)
  3601 | D:3      | Reached skill level 6 in Polearms
  3791 | D:3      | Gained mutation: You have sharp toenails. [potion of
                  | mutation]
  3791 | D:3      | Gained mutation: You occasionally shout uncontrollably at
                  | your foes. [potion of mutation]
  3791 | D:3      | Gained mutation: You have sharp fingernails. [potion of
                  | mutation]
  3791 | D:3      | Gained mutation: Your tail ends in a poisonous barb.
                  | [potion of mutation]
  3805 | D:3      | Mangled by hemabe71's ghost

Illustrated notes

Levels and vault maps discovered:
D:1:      lightli_arrival_farm, layout_loops_ring, serial_bayou,
          serial_bayou_pond_a, serial_bayou_lake_a, serial_bayou_lagoon_a,
          serial_bayou_pond_c
D:2:      layout_basic, st_stairs_14, dk_vineyard_3, elyvilon_altar_4,
          uniq_natasha, uniq_robin
D:3:      layout_basic, lemuel_round_altar, gammafunk_ghost_grave,
          grunt_dithmenos_smoke_and_mirrors

Skill      XL: |  1  2  3  4  5 |
---------------+----------------+-----
Polearms       | 3 4 5 6 |  6.1
Fighting       | |  3.2
Dodging        | |  2.1
Invocations    | |  2.0

Action                   |  1- 3 |  4- 6 || total
-------------------------+-------+-------++-------
Melee: Spear             |    97 |   130 ||   227
       Tailslap          |     4 |    11 ||    15
       Kick              |       |     1 ||     1
Throw: Boomerang         |    49 |    40 ||    89
  Use: Potion            |       |     2 ||     2
       Scroll            |       |     1 ||     1
 Stab: Sleeping          |     1 |     2 ||     3
Armor: Skin              |    20 |    16 ||    36
Dodge: Dodged            |    56 |    59 ||   115

Table legend: (Time is in decaauts)
 A = Elapsed time spent in this place.
 B = Non-inter-level travel time spent in this place.
 C = Inter-level travel time spent in this place.
 D = Time resting spent in this place.
 E = Time spent auto-exploring this place.
 F = Levels seen in this place.
 G = Mean time per level.
                   A        B        C        D        E       F      G
               +--------+--------+--------+--------+--------+-----+--------+
         Total |   3880 |   3780 |    100 |    238 |   2879 |   4 |  970.0 |
       Dungeon |   3827 |   3727 |    100 |    238 |   2879 |   3 | 1275.7 |
         Abyss |     53 |     53 |      0 |      0 |      0 |   1 |   53.0 |
               +--------+--------+--------+--------+--------+-----+--------+

Top non-repeatable levels by time:
     D:2: 1380 daAuts
     D:3: 1299 daAuts
     D:1: 1147 daAuts
 Abyss:1: 53 daAuts
